 Dungeon Crawl Stone Soup version 0.20.1-1-g8b1a95d (webtiles) character file.

56 Folque the Magician (level 3, 0/36 HPs)
             Began as an Octopode Wizard on Nov 10, 2017.
             Slain by an orc
             ... wielding a +0 trident
              (3 damage)
             ... on level 4 of the Dungeon.
             The game lasted 00:06:02 (1556 turns).

Folque the Magician (Octopode Wizard)               Turns: 1556, Time: 00:06:03

Health: 0/36       AC: 21    Str:  6    XL:     3   Next: 97%
Magic:  0/8        EV:  2    Int: 21    God:
Gold:   59         SH:  0    Dex: 10    Spells: 1/9 levels left

rFire    . . .     SeeInvis .   g - +1 short sword
rCold    . . .     Gourm    .   (no shield)
rNeg     + + +     Faith    .   (helmet currently unavailable)
rPois    +         Spirit   .   (no amulet)
rElec    .         Reflect  .   j - ring of stealth
rCorr    .         Harm     .   (no ring)
MR       .....     NoTele   +   (no ring)
Stlth    +++.......             (no ring)
Regen    0.2/turn               (no ring)
MPRegen  0.2/turn               (no ring)
                                (no ring)
                                (no ring)

@: tree-form
A: almost no armour, stealthy swim, (amphibious), 8 rings, (constrict 8)
a: no special abilities


You were on level 4 of the Dungeon.
You were not hungry.
You were a tree.
You visited 1 branch of the dungeon, and saw 3 of its levels.

You collected 59 gold pieces.

Inventory:

Hand Weapons
 d - a +0 club
 g - a +1 short sword (weapon)
Missiles
 h - 4 tomahawks (quivered)
 i - 4 javelins
Armour
 a - a +0 hat (melded)
Jewellery
 j - a ring of stealth (left branch)
Scrolls
 e - 2 scrolls of identify
Potions
 o - a potion of haste {unknown}
 q - a potion of heal wounds {unknown}
 r - a potion of curing {unknown}
Books
 b - a book of Minor Magic

   Spells                             Type                      Level
   a - Magic Dart                     Conjuration                  1
   b - Blink                          Translocation                2
   c - Call Imp                       Summoning                    2
   d - Slow                           Hexes                        2
   e - Conjure Flame                  Conjuration/Fire             3
   f - Mephitic Cloud                 Conjuration/Poison/Air       3
Comestibles
 c - a bread ration
 f - a royal jelly
 k - 2 meat rations


   Skills:
 - Level 2.0 Fighting
 - Level 2.0 Dodging
 - Level 2.6 Stealth
 + Level 3.6 Spellcasting
 + Level 1.3 Conjurations
 - Level 1.0 Summonings
 - Level 1.0 Translocations
 * Level 1.0 Poison Magic


You had one spell level left.
You knew the following spells:

 Your Spells              Type           Power        Failure   Level  Hunger
a - Magic Dart            Conj           #...         8%          1    None
b - Call Imp              Summ           #.......     12%         2    ##.....
c - Blink                 Tloc           N/A          12%         2    ##.....
d - Mephitic Cloud        Conj/Pois/Air  #.......     26%         3    ###....


Dungeon Overview and Level Annotations

Branches:
Dungeon (2/15)

Altars:
Ashenzari


Innate Abilities, Weirdness & Mutations

You cannot wear most types of armour.
You are very stealthy in the water. (Stealth+)
((You are amphibious.))
You can wear up to eight rings at the same time.
((You can use your tentacles to constrict eight enemies at once.))
((Your skin changes colour to match your surroundings (Stealth+).))
((Your rubbery body absorbs attacks. (AC +1, EV +1)))


Message History

The worker ant bites you but does no damage.
Casting: Magic Dart
Confirm with . or Enter, or press ? or * to list all spells.
Aiming: Magic Dart
Press: ? - help, Shift-Dir - straight line, f/p - orc
Aim: an orc, wielding a club and wearing a chain mail (heavily wounded, confused)
The magic dart hits the worker ant.
The worker ant is almost dead.
The orc hits you but does no damage.
The worker ant bites you but does no damage.
Casting: Magic Dart
Confirm with . or Enter, or press ? or * to list all spells.
Aiming: Magic Dart
Press: ? - help, Shift-Dir - straight line, f/p - orc
Aim: an orc, wielding a club and wearing a chain mail (heavily wounded, confused)
The magic dart hits the orc.
The orc is heavily wounded.
The worker ant bites you but does no damage.
The orc hits you from afar with a trident.
You die...

#....#
####.####
#.......#
#.......#
#.......#
#.......#
#...o.o.#
#...a...#
#...♣...#
#########


You could see a worker ant (inner flame) and 2 orcs.

Vanquished Creatures
  An adder (D:1)
  An ooze (D:1)
  A leopard gecko (D:2)
  An orc (D:4)
  A ball python (D:2)
  2 giant cockroaches (D:1)
  6 goblins
  5 hobgoblins
  A jackal (D:1)
  4 bats (D:1)
  A frilled lizard (D:2)
  11 kobolds
  6 rats
41 creatures vanquished.

Notes
Turn   | Place    | Note
-------+----------+-------------------------------------------
     0 | D:1      | Folque the Octopode Wizard began the quest for the Orb.
     0 | D:1      | Reached XP level 1. HP: 11/11 MP: 4/4
   224 | D:1      | Reached skill level 1 in Fighting
   224 | D:1      | Reached XP level 2. HP: 6/18 MP: 1/6
   375 | D:1      | Learned a level 2 spell: Call Imp
   378 | D:1      | Learned a level 2 spell: Blink
   510 | D:1      | Reached XP level 3. HP: 22/24 MP: 7/7
   526 | D:1      | Learned a level 3 spell: Mephitic Cloud
  1043 | D:2      | Reached skill level 1 in Poison Magic
  1114 | D:2      | Found a shattered altar of Ashenzari.
  1492 | D:2      | You fall through a shaft for 2 floors!
  1556 | D:4      | Slain by an orc

Skill      XL: |  1  2  3 |
---------------+----------+-----
Fighting       | 1 2 |  2.0
Poison Magic   | 1 |  1.0
Dodging        | |  2.0
Stealth        | |  2.6
Spellcasting   | |  3.6
Conjurations   | |  1.3
Summonings     | |  1.0
Translocations | |  1.0

Action                   || total
-------------------------++-------
Melee: Club              ||    11
       Unarmed           ||     6
       Constrict         ||    20
       Tentacles         ||     8
       Short sword       ||    72
 Cast: Magic Dart        ||    35
       Mephitic Cloud    ||     1
  Use: Scroll            ||     7
       Potion            ||     1
 Stab: Sleeping          ||    14
  Eat: Chunk             ||     2
Armor: Skin              ||    57
Dodge: Dodged            ||    49
